 Dungeon Crawl Stone Soup version 0.19-a0-414-g76fec5b (webtiles) character file.

1379 wvc the Spear-Bearer (level 8, 0/62 HPs)
             Began as a Mummy Wanderer on May 31, 2016.
             Was an Initiate of Ashenzari.
             Slain by a yak (2 damage)
             ... in the Ecumenical Temple.
             The game lasted 00:15:28 (5872 turns).

wvc the Spear-Bearer (Mummy Wanderer)               Turns: 5872, Time: 00:15:29

Health: 0/62       AC:  7    Str: 11    XL:     8   Next: 39%
Magic:  8/8        EV: 10    Int: 12    God:    Ashenzari [......]
Gold:   240        SH:  0    Dex: 17    Spells: 0 memorised, 7 levels left

rFire  x . .     SeeInvis .     m - +3 spear (vamp) (curse)
rCold  + . .     Gourm    .     c - +0 ring mail
rNeg   + + +     Faith    +     (no shield)
rPois  ∞         Spirit   .     p - +1 helmet
rElec  .         Dismiss  .     (no cloak)
rCorr  .         Reflect  .     (no gloves)
SustAt .         Harm     .     (no boots)
MR     +....                    e - amulet of faith (curse)
Stlth  +.........               (no ring)
                                (no ring)

@: somewhat resistant to hostile enchantments, very unstealthy
A: no food or potions, fire vulnerability, cold resistance 1, negative energy
resistance 3, torment resistance, unbreathing
a: Curse Item, Renounce Religion


You were in the Ecumenical Temple.
You worshipped Ashenzari.
Ashenzari was noncommittal.
You were not hungry.

You visited 2 branches of the dungeon, and saw 7 of its levels.
You also visited: Sewer.

You collected 240 gold pieces.

Inventory:

Hand Weapons
 a - a +2 shortbow
 d - a +0 mace
 i - a +0 halberd
 m - a cursed +3 vampiric spear (weapon)
 q - the +6 flail "Nibreoth" {venom, *Contam rF+++ Int-2 Dex+9}
   (You found it on level 4 of the Dungeon)

   It poisons the flesh of those it strikes.
   It affects your intelligence (-2).
   It affects your dexterity (+9).
   It renders you almost immune to fire.
   It causes magical contamination when unequipped.
Missiles
 b - 133 arrows
 g - 20 poisoned needles
 j - 5 javelins (quivered)
Armour
 c - a +0 ring mail (worn)
 p - a +1 helmet (worn)
Magical Staves
 h - an uncursed staff of summoning
Jewellery
 e - a cursed amulet of faith (around neck)
 l - an uncursed ring of ice
 n - an uncursed ring of protection from cold
 o - a +5 ring of intelligence
 s - a +3 amulet of reflection
Scrolls
 f - 3 scrolls of identify
 k - a scroll of enchant armour


   Skills:
 - Level 5.0 Fighting
 - Level 2.0 Maces & Flails
 + Level 8.1 Polearms
 - Level 1.5 Bows
 - Level 1.0 Throwing
 - Level 1.0 Armour
 - Level 1.0 Dodging
   Level 1.0 Evocations


You had 7 spell levels left.
You didn't know any spells.

Dungeon Overview and Level Annotations

Branches:
Dungeon (6/15)             Temple (1/1) D:6

Altars:
Ashenzari
Elyvilon
Fedhas
Kikubaaqudgha
Qazlal
Ru
Trog
Vehumet
The Shining One

Annotations:
D:5 Menkaure; p0werm0de's ghost, novice OpAs


Innate Abilities, Weirdness & Mutations

You do not eat or drink.
Your flesh is vulnerable to fire.
You are immune to poison.
Your flesh is cold resistant. (rC+)
You are immune to negative energy. (rN+++)
You are immune to unholy pain and torment.
You can survive without breathing.


Message History

You hit the yak but do no damage. The yak gores you.
* * * LOW HITPOINT WARNING * * *
There is a staircase to the Ecumenical Temple here.
The yak barely misses you.
You climb downwards.
Welcome to the Ecumenical Temple!
There is a staircase back to the Dungeon here.
The yak gores you but does no damage. The yak gores you.
* * * LOW HITPOINT WARNING * * *
You barely miss the yak. The yak gores you but does no damage.
You hit the yak.
You feel better.
The yak is lightly wounded.
You barely miss the yak.
The yak is lightly wounded.
The yak gores you!
* * * LOW HITPOINT WARNING * * *
You hit the yak but do no damage.
The yak is lightly wounded.
The yak gores you.
You die...

§§≈§≈≈≈§§§...≈§§≈§≈≈≈§ §
§≈≈§§§§§§§..≈≈≈§≈≈≈§§§
≈≈≈≈≈§§§§§§...≈§§§≈≈§≈§≈
≈≈≈§§≈§≈§≈≈...§§≈§§≈≈≈≈≈
≈§§§§§§§≈≈≈...§≈§§≈§≈§≈≈
§≈≈§§≈§≈≈§.....≈≈§≈≈≈≈§§
≈≈§≈≈...............≈≈≈≈
§≈§≈...@Y............≈≈≈
≈§≈≈..⌠.....<.....⌠..≈≈≈
§≈≈≈.................≈≈≈
≈≈≈≈≈.......§.......§≈≈≈
≈§≈≈≈≈≈§≈≈§§§§≈≈≈≈≈≈≈≈≈≈
§§§§§§§≈≈≈≈§§§§§§≈≈≈≈≈≈≈
§§§§§≈≈≈≈§§≈≈≈§≈§§≈≈≈≈≈≈
≈≈§§§≈≈§§§§§≈≈≈§§§≈≈≈≈≈
≈≈§§§≈≈≈≈≈≈≈≈§§§§§≈


You could see a yak.

Vanquished Creatures
  A yak (D:6)
  A black bear (D:3)
  A phantom (D:4)
  A centaur (D:6)
  A big kobold (Sewer)
  A giant frog (D:6)
  The ghost of Ijustatesigmund the Skirmisher, a weakling HOFi (D:3)
  A vampire bat (D:3)
  2 howler monkeys
  4 hounds
  An orc priest (D:4)
  A centaur skeleton (D:4)
  Terence (D:3)
  4 orc wizards
  2 worker ants
  A hound skeleton (D:4)
  Robin (D:3)
  4 gnolls
  9 adders
  2 river rats (Sewer)
  2 oozes
  A worm (D:2)
  5 dart slugs
  15 orcs
  A ball python (D:3)
  12 bats
  10 giant cockroaches
  13 goblins
  8 hobgoblins
  11 jackals
  7 kobolds
  6 quokkas
  4 giant newts
  2 jackal skeletons
  13 rats
150 creatures vanquished.

Notes
Turn   | Place    | Note
--------------------------------------------------------------
     0 | D:1      | wvc the Mummy Wanderer began the quest for the Orb.
     0 | D:1      | wvc set off with: a +2 shortbow, 25 arrows, a +0 ring mail, a +0 mace
     0 | D:1      | Reached XP level 1. HP: 21/21 MP: 1/1
    30 | D:1      | Reached XP level 2. HP: 27/27 MP: 2/2
    32 | D:1      | Wingboner: Пичалька.
    32 | D:1      | Wingboner: Есть чем убить?
    32 | D:1      | Wingboner: Если нет, то можно вниз уйти.
    32 | D:1      | wvc: ну его нахуй этот орб, подумала мумия и съебала из данжа
    32 | D:1      | Wingboner: Вон как раз лестница.
    32 | D:1      | Wingboner: Так можно ещё потрепыхаться.
   630 | D:1      | Reached skill level 1 in Armour
   630 | D:1      | Reached skill level 1 in Dodging
   630 | D:1      | Reached XP level 3. HP: 33/33 MP: 3/3
   865 | D:2      | Reached skill level 1 in Polearms
  1182 | D:2      | Reached XP level 4. HP: 27/39 MP: 4/4
  1523 | D:2      | Found a glowing golden altar of the Shining One.
  1592 | D:2      | Reached skill level 2 in Polearms
  1608 | D:2      | Wingboner: Ты слишком тёмный для лампочки!
  1626 | D:2      | Found a bloodstained altar of Trog.
  1860 | D:3      | Found a stormy altar of Qazlal.
  1865 | D:3      | Noticed Robin
  1920 | D:3      | Killed Robin
  1944 | D:3      | Found a glowing drain.
  1972 | Sewer    | Entered a sewer
  1980 | Sewer    | Reached XP level 5. HP: 39/44 MP: 5/5
  1992 | Sewer    | Reached skill level 3 in Polearms
  2365 | Sewer    | Found a white marble altar of Elyvilon.
  2468 | D:3      | Noticed Terence
  2485 | D:3      | Killed Terence
  2485 | D:3      | Reached skill level 4 in Polearms
  2498 | D:3      | Reached XP level 6. HP: 51/51 MP: 6/6
  2668 | D:3      | Noticed Ijustatesigmund's ghost (weakling HOFi)
  2685 | D:3      | Killed Ijustatesigmund's ghost
  2771 | D:3      | Found a white marble altar of Elyvilon.
  3081 | D:3      | Reached skill level 5 in Polearms
  3114 | D:3      | Reached XP level 7. HP: 49/56 MP: 7/7
  3340 | D:4      | Wingboner: За сталкера прикольно мумией играть. Все бутылки взрывать.
  3624 | D:4      | Found a sacrificial altar of Ru.
  3668 | D:4      | Reached skill level 6 in Polearms
  4073 | D:4      | Got a steaming flail
  4074 | D:4      | Identified the +6 flail "Nibreoth" {venom, *Contam rF+++ Int-2 Dex+9} (You found it on level 4 of the Dungeon)
  4075 | D:4      | wvc: flail Ниберёт
  4075 | D:4      | wvc: или Нибреет
  4132 | D:4      | Found a shattered altar of Ashenzari.
  4133 | D:4      | Wingboner: "Нибиру"
  4225 | D:4      | wvc: чо, Аш взять?
  4227 | D:4      | Became a worshipper of Ashenzari the Shackled
  4228 | D:4      | Wingboner: Дубина годная очень, кстати. Я б её прибил, пожалуй.
  4229 | D:4      | wvc: контам жи
  4331 | D:4      | Found an ancient bone altar of Kikubaaqudgha.
  4340 | D:4      | Wingboner: Контам же сейчас иначе работает.
  4363 | D:4      | Wingboner: Только при снятии.
  4556 | D:4      | Wingboner: Так, мне в гости уходить пора. Успехов тут.
  4584 | D:4      | wvc: покапока
  4598 | D:5      | Entered Level 5 of the Dungeon
  4614 | D:5      | Reached skill level 7 in Polearms
  4628 | D:5      | Noticed p0werm0de's ghost (novice OpAs)
  4771 | D:5      | Found a radiant altar of Vehumet.
  4780 | D:5      | crauler: копье оставишь пока?
  4836 | D:5      | Found a blossoming altar of Fedhas.
  4866 | D:5      | Noticed Menkaure
  5302 | D:5      | wvc: а какие-то варианты есть?
  5348 | D:5      | crauler: ну всм что проклясть решил
  5382 | D:6      | Reached XP level 8. HP: 32/62 MP: 8/8
  5583 | D:6      | crauler: ох лол
  5772 | D:6      | Found a staircase to the Ecumenical Temple.
  5827 | D:6      | crauler: можешь темпл обыскать на пити
  5837 | D:6      | Reached skill level 8 in Polearms
  5853 | Temple   | Entered the Ecumenical Temple
  5871 | Temple   | HP: 2/62 [yak (13)]
  5872 | Temple   | Slain by a yak

Vault maps used:
D:1:      dpeg_arrival_radiant, minmay_misc_feat_diagonals
D:2:      lemuel_crystal_altar, lemuel_crystal_altar, first_bread,
          minmay_statues_item
D:3:      elyvilon_altar_3, lemuel_crystal_altar, gup_sewer_entry_glass,
          corexii_corridor_pit, roderic_batcave, uniq_robin, uniq_terence
D:4:      lemuel_coloured_pillars_altar, lemuel_round_altar,
          nicolae_ru_sacrificial_ziggurat
D:5:      old_standard_altar, vehumet_crystals, hangedman_abyss_or_decor_passed,
          uniq_menkaure
D:6:      grunt_temple_overflow_order_and_chaos_1, lemuel_round_altar,
          temple_statues, basic_altar, minmay_tree_intersection
Temple:   minmay_temple_bridge_a_8
Sewer:    sewer_kobolds

Skill      XL: |  1  2  3  4  5  6  7  8 |
---------------+-------------------------+-----
Maces & Flails | 2 |  2.0
Armour         | 1 |  1.0
Dodging        | 1 |  1.0
Polearms       | 1 2 4 5 7 8 |  8.1
Fighting       | |  5.0
Bows           | |  1.5
Throwing       | |  1.0
Evocations     | |  1.0

Action                   |  1- 3 |  4- 6 |  7- 9 || total
-------------------------+-------+-------+-------++-------
Melee: Mace              |    70 |       |       ||    70
       Halberd           |    22 |     3 |       ||    25
       Spear             |       |   309 |   321 ||   630
 Fire: Shortbow          |     3 |     1 |       ||     4
Throw: Javelin           |     2 |     9 |     2 ||    13
Invok: Curse Item        |       |       |     2 ||     2
  Use: Scroll            |       |     7 |     8 ||    15
Armor: Ring mail         |    63 |   110 |   123 ||   296
Dodge: Dodged            |    56 |   129 |   152 ||   337
